 Dungeon Crawl Stone Soup version 0.25-a0-597-gb30770a0c0 (webtiles) character file.

Game seed: 9901334235981109878, levelgen mode: deterministic

8472 An17 the Thaumaturge (level 11, -18/76 HPs)
             Began as a Demonspawn Wanderer on Mar 15, 2020.
             Was a Believer of Sif Muna.
             Killed from afar by a frost giant (44 damage)
             ... with a bolt of cold
             ... on level 9 of the Dungeon.
             The game lasted 00:36:31 (9616 turns).

An17 the Thaumaturge (Demonspawn Wanderer)          Turns: 9616, Time: 00:36:32

Health: -18/76     AC: 15    Str: 14    XL:     11   Next: 10%
Magic:  18/23      EV: 14    Int: 16    God:    Sif Muna [**....]
Gold:   730        SH:  0    Dex: 16    Spells: 11/27 levels left

rFire    + . .     SeeInvis +   q - +2 dagger (drain)
rCold    . . .     Gourm    .   (no shield)
rNeg     . . .     Faith    .   v - +0 troll leather armour
rPois    .         Spirit   .   A - +1 helmet {SInv}
rElec    .         Reflect  .   (no cloak)
rCorr    +         Harm     .   (no gloves)
MR       .....                  (no boots)
Stlth    +++.......             (no amulet)
HPRegen  0.62/turn              e - ring of resist corrosion
MPRegen  0.18/turn              k - +4 ring of dexterity

@: sanguine armour
A: fire resistance 1, spiny 2, flame cloud immunity, sanguine armour 2
a: Channel Magic, Renounce Religion


You were on level 9 of the Dungeon.
You worshipped Sif Muna.
Sif Muna was pleased with you.
You were hungry.

You visited 2 branches of the dungeon, and saw 10 of its levels.

You collected 730 gold pieces.

Inventory:

Hand Weapons
 q - a +2 dagger of draining (weapon)
 r - a +0 dagger of venom
 w - a +1 whip of freezing
 C - the +2 quarterstaff of Nanyej {vamp, rPois rF- rC++ Int+4}
   (You found it on level 9 of the Dungeon)

   It inflicts no extra harm, but heals its wielder when it wounds a living foe.
   It affects your intelligence (+4).
   It makes you vulnerable to fire.
   It greatly protects you from cold.
   It protects you from poison.
Missiles
 j - 42 poisoned darts (quivered)
Armour
 v - a +0 troll leather armour (worn)
 y - +0 steam dragon scales
 A - a +1 helmet of see invisible (worn)
Jewellery
 e - a ring of resist corrosion (left hand)
 k - a +4 ring of dexterity (right hand)
Wands
 f - a wand of acid (12)
 h - a wand of clouds (3)
 B - a wand of iceblast (13)
 E - a wand of random effects (17)
Scrolls
 a - a scroll of fear
 b - 4 scrolls of enchant armour
 d - 4 scrolls of remove curse
 m - 3 scrolls of blinking
 o - a scroll of amnesia
 z - a scroll of enchant weapon
Potions
 c - 4 potions of curing
 i - 3 potions of haste
 l - a potion of ambrosia
 n - 3 potions of berserk rage
 p - a potion of flight
 s - a potion of magic
 t - a potion of heal wounds {unknown}
 u - a potion of resistance
 x - a potion of stabbing {unknown}
 D - a potion of brilliance
 F - 2 potions of cancellation {unknown}
Comestibles
 g - 10 rations


   Skills:
 + Level 3.6 Fighting
 + Level 3.9 Short Blades
   Level 1.0 Polearms
 + Level 3.4 Armour
 + Level 4.6 Dodging
 + Level 5.1 Stealth
 + Level 8.9 Spellcasting
 + Level 1.6 Conjurations
   Level 1.0 Hexes
 + Level 3.1 Summonings
 + Level 5.2 Transmutations
 + Level 0.3 Fire Magic
 + Level 3.0 Air Magic
   Level 1.0 Earth Magic
 + Level 7.2 Poison Magic


You had 11 spell levels left.
You knew the following spells:

 Your Spells              Type           Power        Failure   Level  Hunger
a - Sting                 Tmut/Pois      ####         1%          1    None
b - Call Imp              Summ           ###.....     4%          2    None
c - Mephitic Cloud        Conj/Pois/Air  ###.....     8%          3    #......
d - Blink                 Tloc           N/A          19%         2    None
e - Ignite Poison         Fire/Tmut/Pois ###.....     6%          3    #......
f - Spider Form           Tmut/Pois      ####......   3%          3    #......
g - Poisonous Vapours     Pois/Air       ###...       2%          2    None

Your spell library contained the following spells:

 Spells                   Type           Power        Failure   Level  Hunger
 Beastly Appendage        Tmut           ###...       1%          1    None
 Sticks to Snakes         Tmut           ###.....     2%          2    None
 Magic Dart               Conj           ##..         6%          1    None
 Olgreb's Toxic Radiance  Pois           ####....     6%          4    ###....
 Slow                     Hex            ##......     13%         2    None
 Conjure Flame            Conj/Fire      ##......     26%         3    #......
 Blade Hands              Tmut           ###.......   36%         5    #####..
 Ice Form                 Ice/Tmut       ###.....     38%         4    ###....


Dungeon Overview and Level Annotations

Branches:
Dungeon (9/15)             Temple (1/1) D:7            Lair (0/6) D:8
    Orc: D:9-12

Altars:
Ashenzari
Dithmenos
Elyvilon
Fedhas
Gozag
Hepliaklqana
Kikubaaqudgha
Makhleb
Nemelex Xobeh
Okawaru
Qazlal
Sif Muna
Trog
Wu Jian
Xom
Yredelemnul
Zin
The Shining One

Shops:
D:4 %??


Innate Abilities, Weirdness & Mutations

Your flesh is heat resistant. (rF+)
You are mostly covered in sharp spines.
You are immune to clouds of flame.
When seriously injured, your bleeding wounds create thick armour. (AC +9)


Message History

The frost giant is engulfed in poison gas.
The frost giant is poisoned.
Casting: Poisonous Vapours (safe; 2% risk of failure)
Confirm with . or Enter, or press ? or * to list all spells.
Aiming: Poisonous Vapours (safe; 2% risk of failure)
Press: ? - help, Dir - move target cursor, f/p - frost giant
Aim: a frost giant, wielding a +2 battleaxe of freezing (lightly wounded, poisoned) Poisonous vapours surround the frost giant!
The frost giant is engulfed in poison gas.
The frost giant looks even sicker.
The frost giant casts a spell at you. The bolt of cold misses you.
The frost giant gestures at you while chanting.
The bolt of cold misses you.
A hungry ghost comes into view.
The killer bee buzzes angrily.
The frost giant gestures at you while chanting.
The bolt of cold hits you!!!
Ouch! That really hurt!
You die...

#.. ##.# #### # ...
.... . #.# #####.#####
##. ###
####.#####.........#
..# #..
#..#†...##....#....#
#.. #.#
#....#..##..#...#..#
###.###.'
##C##.#C###.........##
#..#..#)#
....#}#...y.#...@.#..#
#.##)).#
###T####.##.........#
#..##.#
#.C#.)..##..#...#..#
###.###.'
#....#..##....#.n..#
#..#..#.#
####.#####...)C....#
#.###.#.. #.#
#####†#########.#######
... #.#.[.##.......## #
#...#
#(#..(#...###)..###
##...
+#W#'.)#....)##..##.


You could see a frost giant and a necrophage.

Vanquished Creatures
  A two-headed ogre (D:9)
  A centaur warrior (D:9)
  An unseen horror (D:9)
  Pikel (D:8)
  A cyclops (D:9)
  Maggie (D:8)
  2 trolls
  Eustachio (D:6)
  A hungry ghost (D:8)
  An acid dragon (D:9)
  Duvessa (D:4)
  2 orc warriors
  2 ice beasts
  A slave (D:8)
  2 sky beasts (D:9)
  A black bear (D:6)
  3 phantoms
  5 ogres
  2 wolves (D:8)
  2 centaurs
  A crocodile (D:8)
  A big kobold (D:6)
  7 bullfrogs
  A water moccasin zombie (D:9)
  A scorpion (D:7)
  Dowan (D:4)
  8 killer bees (D:7)
  An electric eel (D:8)
  4 howler monkeys
  5 crimson imps
  3 jellies
  8 hounds
  A bullfrog skeleton (D:4)
  4 orc priests
  A centaur skeleton (D:4)
  A gnoll shaman (D:4)
  3 iguanas
  10 orc wizards
  10 worker ants
  2 killer bee zombies
  A worker ant zombie (D:6)
  13 gnolls
  12 adders
  A shadow imp (D:9)
  An ooze (D:3)
  An adder skeleton (D:4)
  An adder zombie (D:9)
  3 worms (D:3)
  6 leopard geckos
  26 orcs
  10 giant cockroaches
  5 goblins
  7 hobgoblins
  8 jackals
  24 kobolds
  6 quokkas
  2 ball pythons
  11 bats
  6 frilled lizards
  2 quokka skeletons
  8 rats
259 creatures vanquished.

Vanquished Creatures (collateral kills)
  Joseph (D:9)
  An orc priest (D:4)
  A worker ant (D:5)
  An iguana (D:4)
  2 gnolls
  An adder (D:2)
  2 orcs (D:4)
9 creatures vanquished.

Vanquished Creatures (others)
  2 slaves (D:8)
2 creatures vanquished.

Grand Total: 270 creatures vanquished

Notes
Turn   | Place    | Note
-------+----------+-------------------------------------------
     0 | D:1      | An17 the Demonspawn Wanderer began the quest for the Orb.
     0 | D:1      | An17 set off with the following items: a +0 club, a potion
                  | of curing, a +0 robe, a +0 dagger, a ration; and the
                  | following spells available to memorise: Magic Dart, Sting,
                  | Slow, Blink, Call Imp, Conjure Flame, Ignite Poison,
                  | Mephitic Cloud
     0 | D:1      | Reached XP level 1. HP: 15/15 MP: 4/4
     3 | D:1      | Learned a level 1 spell: Sting
   253 | D:1      | Gained mutation: You are partially covered in sharp spines.
                  | [demonic ancestry]
   253 | D:1      | Reached XP level 2. HP: 20/21 MP: 4/6
   257 | D:1      | Learned a level 2 spell: Call Imp
  1024 | D:2      | Gained mutation: You are mostly covered in sharp spines.
                  | [demonic ancestry]
  1024 | D:2      | Reached XP level 3. HP: 6/26 MP: 7/7
  1268 | D:2      | Reached skill level 1 in Transmutations
  1385 | D:2      | Gained mutation: Your flesh is heat resistant. (rF+)
                  | [demonic ancestry]
  1385 | D:2      | Reached XP level 4. HP: 4/32 MP: 4/9
  1396 | D:2      | Learned a level 3 spell: Mephitic Cloud
  1399 | D:2      | Learned a level 2 spell: Blink
  2106 | D:3      | Reached skill level 1 in Poison Magic
  2292 | D:3      | Found a shattered altar of Ashenzari.
  2461 | D:3      | Gained mutation: When seriously injured, your bleeding
                  | wounds create armour. (AC +9) [demonic ancestry]
  2461 | D:3      | Reached XP level 5. HP: 37/37 MP: 8/10
  2468 | D:3      | Learned a level 3 spell: Ignite Poison
  2678 | D:3      | Reached skill level 1 in Dodging
  2782 | D:3      | Reached skill level 1 in Armour
  3034 | D:4      | Found Teromij's Magic Scroll Boutique.
  3155 | D:4      | Reached skill level 4 in Spellcasting
  3158 | D:4      | Gained mutation: When seriously injured, your bleeding
                  | wounds create thick armour. (AC +9) [demonic ancestry]
  3158 | D:4      | Reached XP level 6. HP: 13/43 MP: 3/12
  3196 | D:4      | Reached skill level 1 in Conjurations
  3285 | D:4      | Found Kouhanep's Food Emporium.
  3370 | D:4      | Found Afikug's Magic Scroll Shoppe.
  3450 | D:4      | Reached skill level 1 in Short Blades
  3567 | D:4      | Noticed Dowan
  3573 | D:4      | Noticed Duvessa
  4066 | D:4      | Killed Dowan
  4118 | D:4      | Killed Duvessa
  4118 | D:4      | Reached XP level 7. HP: 33/49 MP: 1/14
  4220 | D:5      | Entered Level 5 of the Dungeon
  4247 | D:5      | Reached skill level 1 in Summonings
  4297 | D:5      | Reached skill level 5 in Spellcasting
  4327 | D:5      | Learned a level 3 spell: Spider Form
  4595 | D:5      | Reached XP level 8. HP: 28/56 MP: 6/16
  4897 | D:6      | Noticed Eustachio
  4957 | D:6      | Killed Eustachio
  4957 | D:6      | Reached skill level 6 in Spellcasting
  5046 | D:6      | HP: 2/56 [big kobold (4)]
  5216 | D:6      | Found a shadowy altar of Dithmenos.
  5246 | D:6      | Learned a level 2 spell: Poisonous Vapours
  5329 | D:6      | Reached XP level 9. HP: 49/62 MP: 9/19
  5680 | D:6      | Reached skill level 5 in Poison Magic
  5996 | D:7      | Reached skill level 7 in Spellcasting
  6184 | D:7      | Reached skill level 1 in Air Magic
  6321 | D:7      | Found a staircase to the Ecumenical Temple.
  6355 | Temple   | Entered the Ecumenical Temple
  6451 | Temple   | Became a worshipper of Sif Muna the Loreminder
  7495 | D:8      | Noticed a troll
  7536 | D:7      | Killed a troll
  7584 | D:8      | Noticed Pikel
  7614 | D:8      | HP: 1/62 [Pikel] (22)]
  7614 | D:8      | Killed Pikel
  7614 | D:8      | Gained mutation: You are immune to clouds of flame.
                  | [demonic ancestry]
  7614 | D:8      | Reached XP level 10. HP: 1/69 MP: 15/21
  7746 | D:8      | Noticed Maggie
  7753 | D:8      | Killed Maggie
  8071 | D:8      | Found a staircase to the Lair.
  8079 | D:8      | Reached skill level 8 in Spellcasting
  8971 | D:9      | Noticed Joseph
  8992 | D:9      | HP: 2/70 [Joseph/sling bullet (6)]
  8996 | D:9      | Killed Joseph
  9089 | D:9      | Reached * piety under Sif Muna
  9100 | D:9      | Got a shimmering quarterstaff
  9101 | D:9      | Identified the +2 quarterstaff of Nanyej {vamp, rPois rF-
                  | rC++ Int+4} (You found it on level 9 of the Dungeon)
  9266 | D:9      | Noticed a two-headed ogre
  9332 | D:9      | Noticed a cyclops
  9375 | D:9      | Killed a two-headed ogre
  9476 | D:9      | Noticed an unseen horror
  9491 | D:9      | Noticed a centaur warrior
  9494 | D:9      | Killed an unseen horror
  9494 | D:9      | Reached skill level 5 in Transmutations
  9500 | D:9      | Killed a centaur warrior
  9500 | D:9      | Reached skill level 5 in Stealth
  9500 | D:9      | Reached XP level 11. HP: 66/75 MP: 23/23
  9564 | D:9      | Reached ** piety under Sif Muna
  9582 | D:9      | Noticed a frost giant
  9616 | D:9      | Killed from afar by a frost giant

Levels and vault maps discovered:
D:1:      matt_arrival_los_fun, layout_loops_corners
D:2:      layout_basic
D:3:      layout_basic, lemuel_coloured_pillars_altar, bh_walls_and_bars
D:4:      layout_basic, first_ration, serial_shops, shop, shop, shop_scrolls,
          uniq_duvessa
D:5:      layout_basic
D:6:      kennysheep_kobold_camp, layout_rooms, grunt_dithmenos_shadows,
          uniq_eustachio
D:7:      layout_layer_cave, minmay_temple_entry_butterflies
D:8:      layout_layer_cave, erik_lair_island, uniq_maggie, uniq_pikel
D:9:      minmay_the_grid_4x2 [minmay_the_grid_embedded,
          minmay_the_grid_pillar_ring, minmay_the_grid_all_tris,
          minmay_the_grid_eight, minmay_the_grid_dragon_a,
          minmay_the_grid_outer_diamond, minmay_the_grid_doors,
          minmay_the_grid_prize_four_corners], layout_loops_ring, slow_altar_1,
          minitemple, grunt_pizzeria, uniq_joseph
Temple:   eino_temple_rhombus

Skill      XL: |  1  2  3  4  5  6  7  8  9 10 11 |
---------------+----------------------------------+-----
Stealth        | 3 4 5 |  5.1
Transmutations | 1 2 3 4 5 |  5.2
Poison Magic   | 1 2 4 5 7 |  7.2
Dodging        | 1 2 4 |  4.6
Armour         | 1 2 3 |  3.4
Spellcasting   | 4 5 6 7 8 |  8.9
Conjurations   | 1 |  1.6
Short Blades   | 1 2 3 |  3.9
Summonings     | 1 2 3 |  3.1
Fighting       | 2 3 |  3.6
Air Magic      | 2 3 |  3.0
Polearms       | |  1.0
Hexes          | |  1.0
Fire Magic     | |  0.3
Earth Magic    | |  1.0

Action                   |  1- 3 |  4- 6 |  7- 9 | 10-12 || total
-------------------------+-------+-------+-------+-------++-------
Melee: Dagger            |    48 |    67 |   179 |   112 ||   406
       Unarmed           |       |     4 |    25 |     4 ||    33
 Cast: Sting             |    28 |    64 |    89 |    61 ||   242
       Call Imp          |     1 |    11 |     6 |     6 ||    24
       Mephitic Cloud    |       |     3 |     4 |     2 ||     9
       Ignite Poison     |       |     1 |     5 |     2 ||     8
       Spider Form       |       |       |     2 |     1 ||     3
       Poisonous Vapours |       |       |    29 |    10 ||    39
  Use: Scroll            |     4 |     5 |     6 |     4 ||    19
       Potion            |       |     1 |     3 |       ||     4
 Stab: Sleeping          |     4 |     1 |       |    10 ||    15
       Distracted        |     1 |       |       |     1 ||     2
       Confused          |       |     2 |       |       ||     2
  Eat: Ration            |     1 |     2 |     3 |     3 ||     9
       Chunk             |       |       |     2 |       ||     2
Armor: Robe              |    20 |       |       |       ||    20
       Leather armour    |     1 |    44 |    56 |       ||   101
       Skin              |       |       |     1 |       ||     1
       Troll leather arm |       |       |     9 |    40 ||    49
Dodge: Dodged            |    33 |    69 |   182 |    95 ||   379

Table legend:
 A = Non-vault XP
 B = Vault XP
 C = Vault XP percentage of total XP
 D = Non-vault monster count
 E = Vault monster count
 F = Vault count percentage of total count
                 A         B        C        D         E       F
            +---------+---------+-------+---------+---------+-------
      Total |    5419 |    6684 |  55.2 |     211 |      56 |  21.0
            +---------+---------+-------+---------+---------+-------
        D:1 |      30 |       0 |   0.0 |      21 |       0 |   0.0
        D:2 |      87 |       0 |   0.0 |      25 |       0 |   0.0
        D:3 |     158 |       0 |   0.0 |      29 |       0 |   0.0
        D:4 |     325 |     189 |  36.8 |      21 |       2 |   8.7
        D:5 |     905 |     129 |  12.5 |      30 |       2 |   6.2
        D:6 |    1183 |     314 |  21.0 |      23 |      21 |  47.7
        D:7 |    1294 |     322 |  19.9 |      32 |       1 |   3.0
        D:8 |    1001 |    1127 |  53.0 |      14 |       9 |  39.1
        D:9 |     436 |    4603 |  91.3 |      16 |      21 |  56.8
            +---------+---------+-------+---------+---------+-------
